 Dungeon Crawl Stone Soup version 0.18.1-5-g4a78601 (webtiles) character file.

2447 oplop the Chiller (level 9, -16/91 HPs)
             Began as an Octopode Ice Elementalist on May 12, 2016.
             Was a Priest of Cheibriados.
             Engulfed by a cloud of flame (18 damage)
             ... on level 7 of the Dungeon.
             The game lasted 00:24:02 (7533 turns).

oplop the Chiller (Octopode Ice Elementalist)       Turns: 7533, Time: 00:24:02

Health: -16/91     AC: 24    Str: 16    XL:     9   Next: 49%
Magic:  17/18      EV:  2    Int: 28    God:    Cheibriados [***...]
Gold:   408        SH:  0    Dex: 25    Spells: 7 memorised, 2 levels left

rFire  . . .     SeeInvis +     i - +6 dagger (venom)
rCold  . . .     Gourm    .     (no shield)
rNeg   + + +     Faith    .     (helmet currently unavailable)
rPois  +         Spirit   .     (no amulet)
rElec  .         Dismiss  .     r - ring of see invisible
rCorr  +         Reflect  .     z - ring of resist corrosion
SustAt .         Harm     .     (no ring)
MR     .....     NoTele   +     (no ring)
Stlth  ++++......               (no ring)
                                (no ring)
                                (no ring)
                                (no ring)

@: agile, lethally poisoned (-16 -> -32), tree-form, very slow, not resistant to
hostile enchantments, stealthy
A: almost no armour, (amphibious), 8 rings, (constrict 8), (camouflage 0),
(gelatinous body 0)
a: Bend Time, Temporal Distortion, Renounce Religion


You were on level 7 of the Dungeon.
You worshipped Cheibriados.
Cheibriados was most pleased with you.
You were not hungry.
You were a tree.
You visited 2 branches of the dungeon, and saw 8 of its levels.

You collected 408 gold pieces.

Inventory:

Hand Weapons
 h - a +0 short sword
 i - a +6 dagger of venom (weapon)
Jewellery
 r - a ring of see invisible (left branch)
 z - a ring of resist corrosion (right branch)
Wands
 q - a wand of enslavement (11/24)
 v - a wand of iceblast (15/15)
Scrolls
 d - a scroll of teleportation
 j - 3 scrolls of remove curse
 l - a scroll of enchant weapon
 o - 5 scrolls of identify
 t - a scroll of amnesia
 A - a scroll of recharging
Potions
 e - a potion of agility
 m - a potion of flight
 n - 2 potions of cancellation
 p - a potion of degeneration
 s - 3 potions of magic
 w - a potion of brilliance
 x - 2 potions of curing
Books
 a - a book of Frost

   Spells                             Type                      Level
   a - Freeze                         Ice                          1
   b - Throw Frost                    Conjuration/Ice              2
   c - Ozocubu's Armour               Charms/Ice                   3
   d - Throw Icicle                   Conjuration/Ice              4
   e - Summon Ice Beast               Ice/Summoning                4
 u - a book of Minor Magic

   Spells                             Type                      Level
   a - Magic Dart                     Conjuration                  1
   b - Blink                          Translocation                2
   c - Call Imp                       Summoning                    2
   d - Repel Missiles                 Charms/Air                   2
   e - Slow                           Hexes                        2
   f - Conjure Flame                  Conjuration/Fire             3
   g - Mephitic Cloud                 Conjuration/Poison/Air       3
Comestibles
 b - 3 bread rations
 c - 5 meat rations
 k - a slice of pizza


   Skills:
 * Level 5.4 Fighting
 - Level 2.0 Dodging
 - Level 2.6 Stealth
 + Level 6.1 Spellcasting
 + Level 3.5 Conjurations
 - Level 1.1 Charms
 - Level 4.2 Summonings
 + Level 7.2 Ice Magic
 * Level 2.1 Invocations


You had 2 spell levels left.
You knew the following spells:

 Your Spells              Type           Power        Failure   Level  Hunger
a - Freeze                Ice            ####         1%          1    None
b - Throw Frost           Conj/Ice       #####.       1%          2    None
c - Ozocubu's Armour      Chrm/Ice       ####....     3%          3    None
d - Summon Ice Beast      Ice/Summ       #####...     8%          4    ###....
e - Throw Icicle          Conj/Ice       #####...     10%         4    ###....
f - Blink                 Tloc           N/A          10%         2    None
g - Repel Missiles        Chrm/Air       ##....       10%         2    None


Dungeon Overview and Level Annotations

Branches:
Dungeon (7/15)             Temple (1/1) D:4

Altars:
Ashenzari
Cheibriados
Dithmenos
Elyvilon
Fedhas
Gozag
Kikubaaqudgha
Okawaru
Pakellas
Qazlal
Ru
Sif Muna
Trog
Vehumet
Xom
Yredelemnul
Zin
The Shining One

Shops:
D:4 [

Annotations:
D:3 exclusions: kobold and 1 more exclusion, Grinder
D:5 exclusion: statue, esc's ghost, amateur DEFE


Innate Abilities, Weirdness & Mutations

You cannot wear most types of armour.
((You are amphibious.))
You can wear up to eight rings at the same time.
((You can use your tentacles to constrict eight enemies at once.))
((Your skin changes colour to match your surroundings (Stealth).))
((Your rubbery body absorbs attacks (AC +1).))


Message History

The killer bee explodes!
The fiery explosion engulfs you!
Cheibriados thoroughly appreciates the change of pace. x2
The fiery explosion engulfs you!
The fiery explosion engulfs the killer bee.
The killer bee is almost dead.
Cheibriados thoroughly appreciates the change of pace.
Cheibriados raises the support of your attributes as your movement slows.
The fiery explosion engulfs you!
* * * LOW HITPOINT WARNING * * *
The fiery explosion engulfs the killer bee.
The killer bee explodes!
The fiery explosion engulfs you!
Your icy armour melts away.
* * * LOW HITPOINT WARNING * * *
Cheibriados thoroughly appreciates the change of pace.
Your Invocations skill increases to level 2!
Cheibriados thoroughly appreciates the change of pace.
You are engulfed in roaring flames.
You die...

#......#............#
#......#........#####
#......#........####
#####.>...####.....#
####..#..'.....#
####..§§§...#
#.§§§§§..# #.§§§§§..#
###♣§§..# #..§§§..#
#########


There were no monsters in sight!

Vanquished Creatures
  A sky beast (D:7)
  An ice beast (D:5)
  An ogre (D:5)
  A centaur (D:7)
  2 giant frogs (D:7)
  2 scorpions
  5 killer bees (D:7)
  A howler monkey (D:6)
  6 crimson imps
  2 hounds
  3 centaur skeletons
  4 orc wizards
  An iguana (D:4)
  5 worker ants
  4 gnolls
  2 worker ant zombies
  9 adders
  A shadow imp (D:7)
  An ooze (D:5)
  3 worms
  2 adder skeletons
  An adder zombie (D:6)
  2 dart slugs
  3 giant geckos
  11 orcs
  2 ball pythons
  5 giant cockroaches
  8 goblins
  10 hobgoblins
  8 jackals
  7 kobolds
  4 quokkas
  9 bats
  2 giant gecko skeletons (D:4)
  4 giant newts
  5 rats
138 creatures vanquished.

Vanquished Creatures (collateral kills)
  The ghost of bollicks1999 the Covert, an amateur OpAs (D:4)
  The ghost of bananaglory the Skirmisher, an amateur DsFi (D:6)
  A water moccasin (D:7)
  A necrophage (D:5)
  A centaur (D:7)
  A giant frog (D:7)
  A wyvern skeleton (D:7)
  2 crimson imps
  A jelly (D:5)
  2 iguanas
  4 gnolls
  An adder (D:7)
  An adder skeleton (D:5)
  An orc (D:5)
  A bat (D:4)
  2 jackals
22 creatures vanquished.

Grand Total: 160 creatures vanquished

Notes
Turn   | Place    | Note
--------------------------------------------------------------
     0 | D:1      | oplop the Octopode Ice Elementalist began the quest for the Orb.
     0 | D:1      | Reached XP level 1. HP: 11/11 MP: 3/3
   349 | D:1      | Reached XP level 2. HP: 6/18 MP: 3/5
   769 | D:1      | Reached skill level 1 in Fighting
   980 | D:1      | Reached XP level 3. HP: 23/23 MP: 4/6
  1349 | D:1      | Learned a level 2 spell: Throw Frost
  1353 | D:1      | Learned a level 3 spell: Ozocubu's Armour
  1720 | D:2      | Reached XP level 4. HP: 28/28 MP: 6/8
  1971 | D:2      | Reached skill level 4 in Ice Magic
  2481 | D:3      | Found an ancient bone altar of Kikubaaqudgha.
  2572 | D:3      | Reached XP level 5. HP: 25/34 MP: 7/9
  2899 | D:3      | Reached skill level 1 in Charms
  2901 | D:3      | Noticed Grinder
  3125 | D:4      | Reached XP level 6. HP: 34/39 MP: 11/11
  3297 | D:4      | Found an iron altar of Okawaru.
  3367 | D:4      | Found a staircase to the Ecumenical Temple.
  3468 | D:4      | Found Lempises's Armour Boutique.
  3509 | D:4      | Found a blossoming altar of Fedhas.
  3547 | Temple   | Entered the Ecumenical Temple
  3663 | Temple   | Became a worshipper of Cheibriados the Contemplative
  3772 | D:4      | Reached skill level 5 in Ice Magic
  3865 | D:4      | Noticed bollicks1999's ghost (amateur OpAs)
  4050 | D:4      | Learned a level 4 spell: Summon Ice Beast
  4092 | D:5      | Entered Level 5 of the Dungeon
  4121 | D:5      | Found a bloodstained altar of Trog.
  4157 | D:5      | Reached skill level 1 in Summonings
  4201 | D:5      | Reached XP level 7. HP: 45/45 MP: 13/13
  4221 | D:5      | Noticed esc's ghost (amateur DEFE)
  4703 | D:4      | Found a white marble altar of Elyvilon.
  4815 | D:4      | Killed bollicks1999's ghost
  4850 | D:4      | Reached * piety under Cheibriados
  4957 | D:5      | Found a radiant altar of Vehumet.
  5007 | D:5      | Reached skill level 5 in Spellcasting
  5007 | D:5      | Reached skill level 6 in Ice Magic
  5007 | D:5      | Reached XP level 8. HP: 25/52 MP: 1/15
  5163 | D:5      | Found an opulent altar of Gozag.
  5249 | D:5      | Learned a level 4 spell: Throw Icicle
  5358 | D:5      | Found a basalt altar of Yredelemnul.
  5361 | D:5      | Found a glowing silver altar of Zin.
  5364 | D:5      | Found an oddly glowing altar of Pakellas.
  5757 | D:5      | jacquesderrida: olper
  5909 | D:5      | Reached ** piety under Cheibriados
  6023 | D:6      | Noticed bananaglory's ghost (amateur DsFi)
  6084 | D:6      | Killed bananaglory's ghost
  6248 | D:6      | Found a shimmering altar of Xom.
  6253 | D:6      | Found a shattered altar of Ashenzari.
  6671 | D:7      | Reached XP level 9. HP: 27/59 MP: 10/17
  6917 | D:7      | Reached skill level 7 in Ice Magic
  6957 | D:7      | Learned a level 2 spell: Blink
  6968 | D:7      | Reached *** piety under Cheibriados
  7101 | D:7      | Learned a level 2 spell: Repel Missiles
  7142 | D:7      | Reached skill level 5 in Fighting
  7431 | D:7      | Reached skill level 1 in Invocations
  7533 | D:7      | HP: 2/91 [killer bee/exploding inner flame[the player character] (22)]
  7533 | D:7      | Engulfed by a cloud of flame

Skill      XL: |  1  2  3  4  5  6  7  8  9 |
---------------+----------------------------+-----
Fighting       | 1 2 3 4 5 |  5.4
Ice Magic      | 4 5 6 7 |  7.2
Spellcasting   | 3 4 5 6 |  6.1
Charms         | 1 |  1.1
Summonings     | 1 3 4 |  4.2
Conjurations   | 2 3 |  3.5
Invocations    | 2 |  2.1
Dodging        | |  2.0
Stealth        | |  2.6

Action                   |  1- 3 |  4- 6 |  7- 9 || total
-------------------------+-------+-------+-------++-------
Melee: Unarmed           |    22 |       |       ||    22
       Constrict         |    18 |    13 |    31 ||    62
       Tentacles         |     6 |    10 |    25 ||    41
       Short sword       |    11 |       |       ||    11
       Dagger            |    21 |    76 |   125 ||   222
 Cast: Freeze            |    16 |    22 |    14 ||    52
       Throw Frost       |       |    26 |    27 ||    53
       Ozocubu's Armour  |       |     3 |    20 ||    23
       Summon Ice Beast  |       |       |    25 ||    25
Evoke: Wand              |       |       |     1 ||     1
  Use: Scroll            |       |    11 |     5 ||    16
       Potion            |       |       |     5 ||     5
 Stab: Sleeping          |     7 |    11 |     3 ||    21
       Distracted        |       |       |     4 ||     4
       Betrayed ally     |       |       |     1 ||     1
  Eat: Chunk             |     2 |     8 |     6 ||    16
       Beef jerky        |       |     1 |     2 ||     3
       Pizza             |       |       |     1 ||     1
Armor: Skin              |     2 |     8 |    92 ||   102
Dodge: Dodged            |    37 |    34 |   134 ||   205
